groovejumper, chaotic female human Monk --------- ------ ------ |>......| |.....######|....| |.......| |....| #|....| |.......| |..[.+0#####|....| #........| ------------ |....| #|..>.-###########*##|.......| |d..*....(.| -+--|- #|....| -.------- |.@...%...(| # ###### #-.--|- #### ##-.@.[.%.().| 0## #################### # # ------------ # ### # ### ### ###################################### # -+----+-|---- --.-|-- ### |......0%...| |.....| # |...........| |....<.######## |...........| |.....| ------------- ------- groovejumper the Novice Experience level: 4 Strength: 18/03 Dexterity: 13 Constitution: 8 Intelligence: 9 Wisdom: 14 Charisma: 10 Health: 0(31) Energy: 2(27) AC: 8 Gold: 0 Moves: 1165 Your Inventory: Amulets m - an [uncursed] circular amulet [of ESP] (being worn) Weapons A - 9 [cursed -2] throwing stars [shuriken] K - an [uncursed +0] long sword named Demonbane [Demonbane] Armor b - an uncursed burnt +1 robe (being worn) Comestibles g - 2 uncursed food rations h - an uncursed apple i - 6 uncursed oranges j - 3 uncursed fortune cookies w - an [uncursed] avacado x - 5 [uncursed] food rations z - an [uncursed] cream pie G - an [uncursed] orange H - an [uncursed] fortune cookie Scrolls I - a [blessed] scroll of fire Spellbooks c - a blessed spellbook of protection E - an [uncursed] spellbook of detect unseen F - an [uncursed] spellbook of drain life Potions e - an uncursed potion of healing v - an [uncursed] potion of levitation Rings D - an [uncursed] ring of levitation Tools l - an [uncursed] tin whistle B - an [uncursed] brass lantern C - an [uncursed] glass orb [(crystal ball) (0:1)] Spells known in the end: Name Level Category Fail Memory a - protection 1 clerical 0% [||||||||] b - detect unseen 3 divination 88% [||||||||] c - drain life 2 attack 54% [||||||||] Your skills at the end: Fighting Skills martial arts [Basic / Grand Master] Weapon Skills Spellcasting Skills healing spells [Basic / Expert] Final Attributes: You were fervently aligned. Hunger level was 679. Your alignment was 13 / 15. Monster difficulty range was 0 - 3. Level difficulty was 3. You were immune to sleep. You were immune to poison. You saw invisible. You were telepathic. You were fast. Your luck was zero. You are dead. Vanquished creatures: a large mimic a small mimic a homunculus a hobbit 2 giant rats a brown mold 2 yellow molds a gecko 3 jackals a goblin 2 grid bugs 2 bats 3 newts 21 creatures vanquished. Voluntary challenges: You were an atheist. You followed a strict vegan diet. You never hit with a wielded weapon. You read items or engraved 5 times. You put on armor 2 times. You never genocided any monsters. You never polymorphed an object. You never changed form. You used no wishes. You never wrote Elbereth's name. You never encountered a bones level. You never used any Sokoban shortcuts. Dungeon overview: The Dungeons of Doom: levels 1 to 3 Level 1 a long staircase Level 2 a fountain Level 3 <- You were here a general store a long staircase History has recorded: On T:1 you entered the Dungeons of Doom to retrieve the Amulet of Yendor! On T:215 you reached level 2 of The Dungeons of Doom. On T:709 you reached level 3 of The Dungeons of Doom. On T:736 you advanced to experience level 2. On T:802 you advanced to experience level 3. On T:943 you advanced to experience level 4. Latest messages: The magic missile hits you! The magic missile hits the large mimic! Upernavik zaps a wand of magic missile! The magic missile hits you! The magic missile hits the large mimic! [HP-16=8] You feel better. Upernavik zaps a wand of magic missile! The magic missile hits you! The large mimic is killed by the magic missile! [HP+14=22] Upernavik zaps a wand of magic missile! The magic missile hits you! The magic missile bounces! The magic missile hits you! Upernavik zaps a wand of magic missile! The magic missile hits you! The magic missile bounces! The magic missile hits you! You die... Upernavik takes all your possessions. Final status: Punardarsanaya groovejumper the Monk... You died in The Dungeons of Doom on dungeon level 3 with 692 points, and 0 pieces of gold, after 1165 moves. You were level 4 with a maximum of 31 hit points when you died.